AoeStats
← Sir Fart a lot

Four Lakes

509074547Analyzed
1v1 RM · 5d ago on Sep 25, 2026· 31m 48s· 2 players
Game mode
Random Map
Map size
Tiny (2 player)
Population
200
Speed
Normal
Resources
Standard
Victory
Conquest
Starting age
Dark Age
Ending age
Imperial Age
RankedLock teamsTeams togetherTeam positionsShared explorationLock speedFull tech treeHidden civsTurbo modeCheats
Victory
Defeat
🇨🇭 Varangians · Switzerland
1025
+15
🇲🇽 Magyars · Mexico
1013
-15
lequiteminombre
3:19 Loom
10:15 Feudal Age
10:46 Double-Bit Axe
14:49 Fletching
15:28 Horse Collar
20:43 Castle Age
18:40 Stone Mining
18:54 Padded Archer Armor
21:04 Crossbowman
21:54 Bodkin Arrow
24:58 Fishing Lines
27:46 Corvinian Army
28:01 Bloodlines
30:43 Scale Barding Armor
31:56 Chain Barding Armor
31:52 Bow Saw
Sir Fart a lot
10:09 Feudal Age
10:42 Double-Bit Axe
11:10 Loom
18:30 Castle Age
16:29 Horse Collar
18:51 Fletching
20:22 Wheelbarrow
19:10 Elite Skirmisher
21:04 Bloodlines
26:59 Pikeman
29:14 Scale Barding Armor
Connection lost

Rejoining the realm…

Still unreachable

The connection could not be restored.

Session expired

The server has moved on; the page needs a fresh start.